 Dungeon Crawl Stone Soup version 0.16.1-51-g6203257 (webtiles) character file.

139 kae the Slasher (level 5, -3/34 HPs)
             Began as a High Elf Skald on July 11, 2015.
             Slain by an ogre
             ... wielding a +0 giant spiked club
              (17 damage)
             ... on level 3 of the Dungeon.
             The game lasted 00:05:01 (3811 turns).

kae the Slasher (High Elf Skald)                    Turns: 3811, Time: 00:05:01

Health: -3/34      AC:  5    Str: 11    XL:     5   Next: 1%
Magic:  5/12       EV: 10    Int: 16    God:
Gold:   133        SH:  3    Dex: 15    Spells: 3 memorised, 3 levels left

rFire  . . .     SeeInvis .     a - +0 falchion
rCold  . . .     Clarity  .     b - +0 leather armour
rNeg   . . .     SustAb   .     e - +0 buckler
rPois  .         Gourm    .     (no helmet)
rElec  .         Spirit   .     k - +0 cloak
rCorr  .         Warding  .     f - +0 pair of gloves
rMut   .         Stasis   .     (no boots)
MR     .....                    (no amulet)
Stlth  +.........               (no ring)
                                (no ring)

@: infused, not resistant to hostile enchantments, very unstealthy
A: no striking features
a: no special abilities


You were on level 3 of the Dungeon.
You were hungry.

You visited 1 branch of the dungeon, and saw 3 of its levels.

You collected 133 gold pieces.

Inventory:

Hand weapons
 a - a +0 falchion (weapon)
Armour
 b - a +0 leather armour (worn)
 e - a +0 buckler (worn)
 f - a +0 pair of gloves (worn)
 k - a +0 cloak (worn)
Scrolls
 g - a scroll of blinking {unknown}
 i - a scroll of noise {unknown}
 j - a scroll of identify
 m - 2 scrolls of teleportation {unknown}
 n - a scroll of enchant weapon {unknown}
 o - 2 scrolls of recharging {unknown}
 r - a scroll of enchant armour {unknown}
 t - a scroll of magic mapping {unknown}
 v - a scroll of remove curse {unknown}
Potions
 h - a potion of flight
 l - a potion of poison
 q - a potion of degeneration
 s - a potion of curing
 w - a potion of cancellation
 x - a potion of ambrosia
Books
 c - a book of Battle

   Spells                             Type                      Level
   a - Infusion                       Charms                       1
   b - Shroud of Golubria             Charms/Translocation         2
   c - Song of Slaying                Charms                       2
   d - Spectral Weapon                Hexes/Charms                 3
   e - Regeneration                   Charms/Necromancy            3
Comestibles
 d - 3 bread rations
 p - a meat ration


   Skills:
 - Level 2.0 Fighting
 + Level 6.3 Long Blades
 - Level 0.8 Armour
 - Level 1.1 Dodging
 - Level 2.4 Spellcasting
 - Level 3.6 Charms


You had 3 spell levels left.
You knew the following spells:

 Your Spells              Type           Power        Failure   Level  Hunger
a - Infusion              Chrm           ##....       12%         1    #......
b - Song of Slaying       Chrm           ##......     17%         2    ###....
c - Shroud of Golubria    Chrm/Tloc      #.........   38%         2    ###....


Dungeon Overview and Level Annotations

Branches:
Dungeon (3/15)

Altars:


Message History

Confirm with . or Enter, or press ? or * to list all spells.
Space distorts slightly along a thin shroud covering your body.
The ogre hits you with a giant spiked club.
Your shroud falls apart!
You hit the ogre.
The ogre is lightly wounded.
The ogre hits you with a giant spiked club.
You hit the ogre.
The ogre is lightly wounded.
You slash the ogre!
The ogre is heavily wounded.
The ogre closely misses you.
You hit the ogre.
The ogre is severely wounded.
The ogre hits you with a giant spiked club!
You hit the ogre.
The ogre is almost dead.
The ogre hits you with a giant spiked club!
Ouch! That really hurt!
You die...

#####.#....#.#.#.#.# #.#
#####.#.#..#.#.#.#.#####.#
......................>#÷#
#####.#..#.#..<#...###.#.#
#.#..#.#...#...# #.#.#
#.#..#.#.#.#...# #.#.#
#.#..#...#.#...# #.#.#
#.####..##.#...# #.#.#
#..........O@..# #.#.#
###########..###...# #.#.######.#
.).................# #...#......#
############.####..#######.######
#..# #.).............. ##.#
#.########.###### #.###.# #.#
#..##.# #.###### ##.##.# #.†.....


You could see an ogre.

Vanquished Creatures
  An orc wizard (D:3)
  6 adders
  A worm (D:3)
  3 giant geckos
  4 orcs (D:3)
  5 bats
  6 goblins
  9 hobgoblins
  2 jackals (D:1)
  5 kobolds
  7 giant cockroaches
  5 giant newts
  A quokka (D:2)
  8 rats
63 creatures vanquished.

Notes
Turn   | Place    | Note
--------------------------------------------------------------
     0 | D:1      | kae, the High Elf Skald, began the quest for the Orb.
     0 | D:1      | Reached XP level 1. HP: 14/14 MP: 4/4
   343 | D:1      | Reached XP level 2. HP: 19/19 MP: 3/6
   654 | D:1      | Reached skill level 4 in Long Blades
  1076 | D:2      | Reached XP level 3. HP: 24/24 MP: 6/8
  1227 | D:2      | Learned a level 2 spell: Song of Slaying
  1230 | D:2      | Learned a level 2 spell: Shroud of Golubria
  1445 | D:2      | Reached skill level 5 in Long Blades
  1985 | D:3      | Noticed a phantom
  2314 | D:3      | Reached XP level 4. HP: 6/29 MP: 4/11
  2492 | D:3      | HP: 1/29 [worm (9)]
  3467 | D:3      | Reached skill level 6 in Long Blades
  3780 | D:3      | Reached XP level 5. HP: 31/34 MP: 12/12
  3800 | D:3      | Noticed an ogre
  3811 | D:3      | Slain by an ogre

Action                   |  1- 3 |  4- 6 || total
-------------------------+-------+-------++-------
Melee: Falchion          |   163 |    71 ||   234
 Cast: Infusion          |    13 |     7 ||    20
       Shroud of Golubri |       |     1 ||     1
  Use: Potion            |       |     1 ||     1
       Scroll            |       |     6 ||     6
  Eat: Chunk             |     4 |     5 ||     9
